 Dungeon Crawl Stone Soup version 0.32-a0-42-ga30500b4d3 (webtiles) character file.

Game seed: 2818768763126909850

1763 grandjackal the Trooper (level 8, 0/67 HPs)
             Began as a Demonspawn Gladiator on Jan 29, 2024.
             Was a Believer of Lugonu.
             Slain by a kobold brigand
             ... wielding a +0 dagger of electrocution
              (5 damage)
             ... on level 6 of the Dungeon.
             The game lasted 00:05:22 (4520 turns).

grandjackal the Trooper (Demonspawn Gladiator)      Turns: 4520, Time: 00:05:23

Health: 0/67       AC: 12    Str: 15    XL:     8   Next: 79%
Magic:  13/13      EV: 12    Int:  9    God:    Lugonu [**....]
Gold:   154        SH:  0    Dex: 16    Spells: 7/7 levels left

rFire   . .          .
                       - Unarmed
rCold   . . .        (no shield)
rNeg    . . .        u - +2 leather armour {rPois}
rPois   +            c - +0 helmet
rElec   .            (no cloak)
rCorr   +            (no gloves)
SInv    .            (no boots)
Will    .....        (no amulet)
Stlth   +            n - +4 ring of protection
HPRegen 0.31/turn    a - ring of resist corrosion
MPRegen 0.13/turn

%: no passive effects
@: no status effects
A: claws 2, thin metallic scales 1, spiny 2
a: Renounce Religion, Depart the Abyss, Banish


You were on level 6 of the Dungeon.
You worshipped Lugonu.
Lugonu was pleased with you.
You visited 1 branch of the dungeon, and saw 6 of its levels.

You collected 154 gold pieces.

Inventory:

Missiles
 d - 2 throwing nets (quivered)
 e - 4 javelins
Armour
 c - a +0 helmet (worn)
 u - a +2 leather armour of poison resistance (worn)
Jewellery
 a - a ring of resist corrosion (right claw)
 n - a +4 ring of protection (left claw)
Wands
 b - a wand of iceblast (11)
 y - a wand of flame (14)
Scrolls
 f - 2 scrolls of fog {unknown}
 g - 5 scrolls of identify {unknown}
 h - 4 scrolls of blinking {unknown}
 m - 5 scrolls of fear {unknown}
 p - 2 scrolls of poison {unknown}
 r - 4 scrolls of vulnerability {unknown}
 t - 3 scrolls of teleportation {unknown}
 v - a scroll of enchant weapon {unknown}
 w - 5 scrolls of amnesia {unknown}
 x - a scroll of brand weapon {unknown}
 C - a scroll of noise {unknown}
Potions
 i - a potion of mutation {unknown}
 j - a potion of cancellation {unknown}
 k - a potion of resistance {unknown}
 l - 2 potions of heal wounds {unknown}
 o - a potion of lignification {unknown}
 q - a potion of magic
 s - 3 potions of enlightenment {unknown}
 z - a potion of haste {unknown}
 B - a potion of brilliance {unknown}


   Skills:
 + Level 7.2 Fighting
 - Level 3.1 Long Blades
 - Level 2.0 Throwing
 - Level 3.0 Dodging
 + Level 6.0 Unarmed Combat
 + Level 6.8 Invocations


You had 7 spell levels left.
You didn't know any spells.
Your spell library contained the following spells:

 Spells                   Type           Power      Damage    Failure   Level
 Slow                     Hex            0%         N/A       45%         1
 Mercury Vapours          Alch/Air       0%         N/A       58%         2
 Sublimation of Blood     Necr           0%         N/A       58%         2
 Call Canine Familiar     Summ           0%         N/A       83%         3
 Confusing Touch          Hex            0%         N/A       83%         3
 Mephitic Cloud           Conj/Alch/Air  0%         N/A       83%         3
 Ozocubu's Armour         Ice            0%         N/A       83%         3
 Sigil of Binding         Hex            0%         N/A       83%         3
 Vampiric Draining        Necr           0%         2d6       83%         3
 Dimensional Bullseye     Hex/Tloc       0%         N/A       99%         4
 Petrify                  Alch/Erth      0%         N/A       99%         4
 Freezing Cloud           Conj/Ice/Air   0%         6-21      100%        5
 Irradiate                Conj/Alch      0%         3d11      100%        5
 Metabolic Englaciation   Hex/Ice        0%         N/A       100%        5
 Sculpt Simulacrum        Ice/Alch       0%         N/A       100%        6


Dungeon Overview and Level Annotations

Branches:
Dungeon (6/15)             Temple (0/1) D:6

Altars:
Dithmenos
Hepliaklqana
Makhleb
Nemelex Xobeh
Lugonu

Portals:
Abyss: D:4

Annotations:
D:3 2 runed translucent doors, osoart's ghost, amateur DESu


Innate Abilities, Weirdness & Mutations

You have very sharp fingernails.
You are partially covered in thin metallic scales. (AC +2)
You are mostly covered in sharp spines.


Message History

* * * LOW HITPOINT WARNING * * *
Reactivating autopickup.
The shadow imp closely misses you.
Unknown command.
You are too injured to fight recklessly!
Unknown command.
You are too injured to fight recklessly!
Unknown command.
You are too injured to fight recklessly!
It was a potion of ambrosia.
You are confused.
You feel invigorated. The shadow misses you. The shadow barely misses you.
The shadow is struck by your spines. The shadow hits you.
The kobold brigand hits you but does no damage.
The shadow is struck by your spines. The shadow completely misses you.
The kobold brigand is struck by your spines.
The kobold brigand hits you but does no damage.
You feel less invigorated.
You feel less confused. The shadow completely misses you.
The kobold brigand hits you with a +0 dagger of electrocution.
You closely miss the shadow.
The shadow is heavily damaged.
The shadow hits you.
The kobold brigand hits you but does no damage.
You are electrocuted!!
* * * LOW HITPOINT WARNING * * *
Unknown command.
Throw: 2 throwing nets
Press: ? - help, Q - select action, (/) - cycle Shift-Dir - straight line, f - kobold brigand
Aim: a kobold brigand, wielding a +0 dagger of electrocution and quivering curare-tipped darts (moderately wounded, 55% to hit)
Okay, then.
Okay, then.
It was a potion of magic.
Magic courses through your body. The shadow is struck by your spines.
The shadow hits you.
* * * LOW HITPOINT WARNING * * *
The kobold brigand is struck by your spines.
The kobold brigand hits you with a +0 dagger of electrocution.
You die...

### ##.######
##...#...## # . ##
#....#....# .. . .#.#
#.......# ..#
#.....####.....# ..#
.#.. #..........## ...##
.##.##........$.)#......
................@K5...#
.......#........)W....#
.......................#
#....>..##..............
##.....####...###.##..#.
#.........#.####..# ###
##...........#....#
##..####........#..
#..## ##...(....##


You could see a kobold brigand, a shadow and a shadow imp.

Vanquished Creatures
  3 black bears
  An ogre (D:5)
  A kobold brigand (D:5)
  2 scorpions (D:4)
  3 wights
  4 killer bees
  3 jellies
  2 orc priests
  5 hounds
  Ijyb (D:3)
  5 iguanas
  Natasha (thrice) (D:2)
  5 orc wizards
  Robin (D:2)
  2 adders
  10 gnolls
  A shadow imp (D:6)
  A white imp (D:5)
  2 ufetubi (D:6)
  23 orcs
  6 ball pythons
  4 endoplasms
  2 giant cockroaches (D:1)
  18 goblins
  8 hobgoblins
  9 kobolds
  A quokka (D:4)
  3 bats
  2 frilled lizards
  4 rats
135 creatures vanquished.

Vanquished Creatures (others)
  A lurking horror (D:4)
1 creature vanquished.

Grand Total: 136 creatures vanquished

Notes
Turn   | Place    | Note
-------+----------+-------------------------------------------
     0 | D:1      | grandjackal the Demonspawn Gladiator began the quest for
                  | the Orb.
     0 | D:1      | Reached XP level 1. HP: 16/16 MP: 1/1
   107 | D:1      | Gained mutation: You are partially covered in sharp spines.
                  | [demonic ancestry]
   107 | D:1      | Reached XP level 2. HP: 14/22 MP: 2/2
   646 | D:2      | Gained mutation: You have sharp fingernails. [demonic
                  | ancestry]
   646 | D:2      | Reached XP level 3. HP: 28/28 MP: 3/3
   651 | D:2      | Noticed Robin
   657 | D:2      | Killed Robin
   746 | D:2      | Noticed Natasha
   752 | D:2      | Killed Natasha
   753 | D:2      | Reached skill level 3 in Fighting
   753 | D:2      | Reached skill level 1 in Unarmed Combat
   753 | D:2      | Gained mutation: You have very sharp fingernails. [demonic
                  | ancestry]
   753 | D:2      | Reached XP level 4. HP: 20/35 MP: 4/4
  1150 | D:2      | Noticed Natasha
  1158 | D:2      | Killed Natasha
  1259 | D:2      | Noticed Natasha
  1265 | D:2      | Killed Natasha
  1358 | D:3      | Reached XP level 5. HP: 30/42 MP: 5/5
  1438 | D:3      | Noticed Ijyb
  1458 | D:3      | Killed Ijyb
  1459 | D:3      | Reached skill level 4 in Fighting
  1668 | D:3      | Found a faded altar of an unknown god.
  1772 | D:3      | Found a large runed translucent door.
  1772 | D:3      | Found a large runed translucent door.
  1776 | D:3      | Noticed osoart's ghost (amateur DESu)
  2014 | D:4      | Reached XP level 6. HP: 13/49 MP: 6/6
  2248 | D:4      | Found a corrupted altar of Lugonu.
  2248 | D:4      | Found a one-way gate to the infinite horrors of the Abyss.
  2396 | D:4      | Became a worshipper of Lugonu the Unformed
  2467 | D:4      | Reached skill level 1 in Invocations
  2634 | D:4      | Reached skill level 5 in Fighting
  2705 | D:4      | Gained mutation: You are partially covered in thin metallic
                  | scales. (AC +2) [demonic ancestry]
  2705 | D:4      | Reached XP level 7. HP: 53/56 MP: 8/8
  2843 | D:4      | Found a shadowy altar of Dithmenos.
  3145 | D:5      | Entered Level 5 of the Dungeon
  3470 | D:5      | Reached * piety under Lugonu
  3486 | D:5      | Reached skill level 6 in Fighting
  3713 | D:5      | Found a burning altar of Makhleb.
  3801 | D:5      | Found a hazy altar of Hepliaklqana.
  3825 | D:5      | Found a sparkling altar of Nemelex Xobeh.
  3987 | D:6      | Gained mutation: You are mostly covered in sharp spines.
                  | [demonic ancestry]
  3987 | D:6      | Reached XP level 8. HP: 62/64 MP: 11/11
  3988 | D:6      | Reached skill level 5 in Unarmed Combat
  3990 | D:5      | Reached skill level 5 in Invocations
  4360 | D:6      | Found a staircase to the Ecumenical Temple.
  4381 | D:6      | Reached skill level 7 in Fighting
  4506 | D:6      | Reached ** piety under Lugonu
  4520 | D:6      | Slain by a kobold brigand

Illustrated notes

Levels and vault maps discovered:
D:1:      psy_arrival_fountain, layout_basic
D:2:      layout_basic, uniq_natasha, uniq_robin
D:3:      kennysheep_the_goblin_king, layout_rooms, ebering_ghost_disaster_area,
          dreamdust_ecumenical_altar_angels_and_demons
D:4:      layout_basic, nicolae_dithmenos_shadow_blocks,
          amcnicky_altar_lugonu_corruption
D:5:      layout_cave_pools, mainiacjoe_overflow_six_doors_small,
          mainiacjoe_overflow_swirl
D:6:      layout_cave_pools, kennysheep_mini_moat,
          nicolae_overflow_hidden_temple, minmay_temple_entry_butterflies,
          gammafunk_ghost_grave, minmay_manual_mess

Skill      XL: |  1  2  3  4  5  6  7  8 |
---------------+-------------------------+-----
Throwing       | 2 |  2.0
Dodging        | 3 |  3.0
Long Blades    | 3 |  3.1
Fighting       | 3 4 5 6 7 |  7.2
Unarmed Combat | 1 2 3 4 6 |  6.0
Invocations    | 2 4 6 |  6.8

Action                     |  1- 3 |  4- 6 |  7- 9 || total
---------------------------+-------+-------+-------++-------
  Melee: Long sword        |    61 |    12 |       ||    73
         Punch             |     1 |     1 |       ||     2
         Unarmed           |       |   124 |   122 ||   246
  Throw: Throwing net      |       |       |     1 ||     1
    Use: Potion            |       |       |     2 ||     2
   Stab: Held in net/web   |       |       |     1 ||     1
 Armour: Leather armour    |    37 |    65 |   108 ||   210
         Ring mail         |       |    21 |       ||    21
  Dodge: Dodged            |    42 |    44 |    62 ||   148

Table legend: (Time is in decaauts)
 A = Elapsed time spent in this place.
 B = Non-inter-level travel time spent in this place.
 C = Inter-level travel time spent in this place.
 D = Time resting spent in this place.
 E = Time spent auto-exploring this place.
 F = Levels seen in this place.
 G = Mean time per level.
                   A        B        C        D        E       F      G
               +--------+--------+--------+--------+--------+-----+--------+
         Total |   4523 |   4258 |    265 |   1055 |   2411 |   6 |  753.8 |
       Dungeon |   4523 |   4258 |    265 |   1055 |   2411 |   6 |  753.8 |
               +--------+--------+--------+--------+--------+-----+--------+

Top non-repeatable levels by time:
     D:4: 1108 daAuts
     D:5: 996 daAuts
     D:3: 732 daAuts
     D:2: 726 daAuts
     D:1: 596 daAuts
     D:6: 363 daAuts
